 Dungeon Crawl Stone Soup version 0.21.1-1-g345015f (webtiles) character file.

1301 prawnwizard the Covert (level 8, -6/36 HPs)
             Began as a Spriggan Enchanter on June 29, 2018.
             Killed from afar by an orc wizard (10 damage)
             ... with a puff of flame
             ... on level 4 of the Dungeon.
             The game lasted 00:31:23 (7792 turns).

prawnwizard the Covert (Spriggan Enchanter)         Turns: 7792, Time: 00:31:23

Health: -6/36      AC:  2    Str:  4    XL:     8   Next: 31%
Magic:  17/17      EV: 22    Int: 17    God:
Gold:   312        SH:  0    Dex: 18    Spells: 15/18 levels left

rFire    . . .     SeeInvis +   e - +0 short sword (drain)
rCold    . . .     Gourm    .   (shield restricted)
rNeg     . . .     Faith    .   b - +0 robe
rPois    .         Spirit   .   (helmet restricted)
rElec    .         Reflect  .   (no cloak)
rCorr    .         Harm     +   (gloves unavailable)
MR       +....                  (boots unavailable)
Stlth    +++++.....             s - amulet of harm
HPRegen  0.12/turn              m - ring of see invisible
MPRegen  0.15/turn              (no ring)

@: very quick
A: very small, unfitting armour, see invisible, herbivore, speed 3, slow
metabolism 2
a: no special abilities


You were on level 4 of the Dungeon.
You were very hungry.

You visited 1 branch of the dungeon, and saw 4 of its levels.

You collected 312 gold pieces.

Inventory:

Hand Weapons
 a - a +1 dagger
 e - a +0 short sword of draining (weapon)
 p - a -1 dagger
Armour
 b - a +0 robe (worn)
Jewellery
 m - a ring of see invisible (left hand)
 s - an amulet of harm (around neck)
Wands
 h - a wand of paralysis (15)
 l - a wand of acid (13)
Scrolls
 f - 2 scrolls of teleportation {unknown}
 i - 6 scrolls of identify
Potions
 g - a potion of flight
 k - a potion of might {unknown}
 n - 2 potions of agility {unknown}
 q - a potion of haste {unknown}
 r - a potion of curing {unknown}
Books
 c - a book of Maledictions

   Spells                             Type                      Level
   a - Corona                         Hexes                        1
   b - Ensorcelled Hibernation        Hexes/Ice                    2
   c - Confuse                        Hexes                        3
   d - Tukima's Dance                 Hexes                        3
   e - Dazzling Spray                 Conjuration/Hexes            3
 j - a book of Cantrips

   Spells                             Type                      Level
   a - Confusing Touch                Hexes                        1
   b - Animate Skeleton               Necromancy                   1
   c - Summon Small Mammal            Summoning                    1
   d - Apportation                    Translocation                1
Comestibles
 d - 3 rations


   Skills:
 + Level 4.4 Short Blades
 + Level 6.4 Dodging
 * Level 10.1 Stealth
 + Level 5.6 Spellcasting
 + Level 6.1 Hexes


You had 15 spell levels left.
You knew the following spells:

 Your Spells              Type           Power        Failure   Level  Hunger
a - Corona                Hex            ####...      1%          1    None
b - Ensorcelled Hibernat  Hex/Ice        ###...       5%          2    #......


Dungeon Overview and Level Annotations

Branches:
Dungeon (4/15)
 Temple: D:4-7

Altars:
Wu Jian

Annotations:
D:4 Fang's ghost, amateur GrBe; Natasha


Innate Abilities, Weirdness & Mutations

You are very small and have problems with some larger weapons.
You are too small for most types of armour.
You have supernaturally acute eyesight. (SInv)
You are a herbivore.
You cover ground extremely quickly.
You need consume almost no food.


Message History

The magic dart hits you!
You hit the orc wizard. You drain the orc wizard!
The orc wizard is heavily wounded.
You closely miss the orc wizard.
The orc wizard is heavily wounded.
The orc wizard gestures wildly while chanting.
The orc wizard flickers and vanishes for a moment.
You hit the orc wizard but do no damage.
The orc wizard is heavily wounded.
The orc wizard gestures wildly while chanting.
The orc wizard blinks!
The orc wizard hits you with a dagger of electrocution.
You are electrocuted!
Ouch! That really hurt!
* * * LOW HITPOINT WARNING * * *
You barely miss the orc wizard.
The orc wizard is heavily wounded.
The orc wizard casts a spell at you. The puff of flame hits you!
You die...

#....##..............#
#....##..........)...#
#...รท##..............#
#....##........o.....#
#....##.........######
#.[..##.....o.o..#
#....#########..o#
#....## #######o#
#.....# #.....@.#
##.....####.<...#.###
...................<#
##########.####.##### #
#.........# #
#....###### # ######


You could see an orc priest and an orc wizard (invisible).

Vanquished Creatures
  Menkaure (D:4)
  2 ogres
  A hound (D:4)
  A bullfrog skeleton (D:4)
  A jelly (D:2)
  5 orc wizards (D:4)
  3 gnoll shamans (D:3)
  An iguana (D:4)
  Natasha (twice) (D:4)
  Ijyb (D:4)
  3 worker ants (D:4)
  29 gnolls (D:3)
  10 adders
  2 oozes (D:4)
  2 worms (D:2)
  A dart slug (D:2)
  3 leopard geckos
  14 orcs
  10 bats
  2 giant cockroaches
  8 goblins
  8 hobgoblins
  28 jackals
  6 kobolds (D:1)
  3 quokkas
  10 frilled lizards
  10 rats
167 creatures vanquished.

Notes
Turn   | Place    | Note
-------+----------+-------------------------------------------
     0 | D:1      | prawnwizard the Spriggan Enchanter began the quest for the Orb.
     0 | D:1      | Reached XP level 1. HP: 9/9 MP: 5/5
   108 | D:1      | Reached XP level 2. HP: 6/13 MP: 7/7
   156 | D:1      | Learned a level 2 spell: Ensorcelled Hibernation
   792 | D:1      | Reached XP level 3. HP: 15/16 MP: 8/8
   918 | D:1      | Reached skill level 5 in Stealth
  1253 | D:2      | Reached XP level 4. HP: 8/21 MP: 7/10
  1366 | D:2      | Found an ornate altar of the Wu Jian Council.
  1495 | D:2      | Reached skill level 6 in Stealth
  1964 | D:3      | Reached XP level 5. HP: 15/24 MP: 7/11
  3184 | D:3      | Reached XP level 6. HP: 10/28 MP: 9/13
  3189 | D:3      | Reached skill level 7 in Stealth
  4247 | D:3      | Reached skill level 5 in Hexes
  4265 | D:3      | Reached skill level 5 in Dodging
  4651 | D:3      | Reached skill level 8 in Stealth
  4651 | D:3      | Reached XP level 7. HP: 32/32 MP: 7/14
  5545 | D:4      | Reached skill level 5 in Spellcasting
  5611 | D:4      | Reached skill level 9 in Stealth
  5959 | D:4      | Noticed Menkaure
  5962 | D:4      | Killed Menkaure
  5993 | D:4      | Reached XP level 8. HP: 36/36 MP: 16/16
  6014 | D:4      | Noticed Fang's ghost (amateur GrBe)
  6118 | D:4      | Noticed Ijyb
  6169 | D:4      | Noticed Natasha
  6469 | D:4      | Killed Natasha
  6732 | D:4      | Killed Ijyb
  6796 | D:4      | Noticed Natasha
  6866 | D:4      | Killed Natasha
  6912 | D:4      | Reached skill level 10 in Stealth
  7462 | D:4      | Noticed Natasha
  7477 | D:4      | HP: 1/36 [Natasha/magic dart (9)]
  7792 | D:4      | Killed from afar by an orc wizard

Skill      XL: |  1  2  3  4  5  6  7  8 |
---------------+-------------------------+-----
Spellcasting   | 3 4 5 |  5.6
Hexes          | 4 5 6 |  6.1
Stealth        | 5 6 8 9 10 | 10.1
Short Blades   | 2 3 4 |  4.4
Dodging        | 4 5 6 |  6.4

Action                   |  1- 3 |  4- 6 |  7- 9 || total
-------------------------+-------+-------+-------++-------
Melee: Short sword       |   119 |   316 |   246 ||   681
       Dagger            |     2 |       |       ||     2
 Cast: Ensorcelled Hiber |     1 |    37 |    15 ||    53
       Corona            |       |       |     3 ||     3
  Use: Scroll            |       |       |     5 ||     5
 Stab: Sleeping          |    10 |    24 |    18 ||    52
       Distracted        |       |       |     3 ||     3
  Eat: Ration            |       |     2 |     1 ||     3
Armor: Robe              |    11 |    27 |     5 ||    43
Dodge: Dodged            |   132 |   316 |   156 ||   604
